 Dungeon Crawl Stone Soup version 0.23.2-40-g277498a001 (webtiles) character file.

Game seed: 17693533816234918999

30081 Emblim88 the Grappler (level 13, -2/135 HPs)
             Began as a Troll Berserker on Oct 9, 2019.
             Was a High Priest of Trog.
             Slain by an orc warrior
             ... wielding a +0 short sword
              (4 damage)
             ... on level 1 of the Orcish Mines.
             The game lasted 00:51:36 (13295 turns).

Emblim88 the Grappler (Troll Berserker)            Turns: 13295, Time: 00:51:36

Health: -2/135     AC: 11    Str: 34    XL:     13   Next: 18%
Magic:  3/3        EV: 13    Int:  6    God:    Trog [*****.]
Gold:   995        SH:  4    Dex:  9    Spells: 12/12 levels left

rFire    + . .     SeeInvis .   S - +13 great mace of the Secret Places {antimagic, rPois rF+ Str+2}
rCold    + . .     Gourm    +   (shield currently unavailable)
rNeg     . . .     Faith    .   O - +0 steam dragon scales
rPois    +         Spirit   .   z - +2 hat {Int+3}
rElec    +         Reflect  .   (no cloak)
rCorr    +         Harm     .   (gloves unavailable)
MR       .....     Clarity  +   (boots unavailable)
Stlth    +.........             a - amulet of the gourmand
HPRegen  0.72/turn              D - ring of resist corrosion
MPRegen  0.08/turn              V - ring of protection from cold

@: berserk cooldown, slowed, studying Stealth, very slow
A: large, unfitting armour, claws 3, large bone plates 1, clarity, fast
metabolism 3, gourmand, low mp 1, regeneration 1, shaggy fur 1, electricity
resistance, tough skin 3
a: Berserk, Trog's Hand, Brothers in Arms, Renounce Religion


You were on level 1 of the Orcish Mines.
You worshipped Trog.
Trog was extremely pleased with you.
You were very hungry.

You visited 2 branches of the dungeon, and saw 14 of its levels.
You also visited: Ossuary and Ice Cave.

You collected 995 gold pieces.

Inventory:

Hand Weapons
 q - a +1 hunting sling
 S - the +13 great mace of the Secret Places (weapon) {antimagic, rPois rF+ Str+2}
   (Trog gifted it to you on level 11 of the Dungeon)

   It reduces the magical energy of the wielder, and disrupts the spells and
   magical abilities of those hit.
   Natural abilities and divine invocations are not affected.
   It affects your strength (+2).
   It protects you from fire.
   It protects you from poison.
 T - a +3 antimagic demon whip
Missiles
 f - 2 needles of confusion
 p - 51 sling bullets
 r - 15 needles of sleeping (quivered)
 v - 3 throwing nets
 y - 31 poisoned needles
 P - 6 large rocks
Armour
 z - a +2 hat of intelligence (worn)
 O - +0 steam dragon scales (worn)
 W - a +0 animal skin of cold resistance
Magical Staves
 w - an uncursed staff of earth {unknown}
Jewellery
 a - an amulet of the gourmand (around neck)
 e - an uncursed ring of ice
 D - a ring of resist corrosion (left claw)
 V - a ring of protection from cold (right claw)
Wands
 n - a wand of digging (3)
 C - a wand of polymorph (11)
 J - a wand of iceblast (10)
 M - a wand of acid (16)
 Q - a wand of random effects (20)
 U - a wand of disintegration (17)
Scrolls
 c - 2 scrolls of enchant armour
 g - 5 scrolls of teleportation
 j - 7 scrolls of remove curse
 l - 3 scrolls of enchant weapon
 m - 2 scrolls of identify
 s - a scroll of holy word {unknown}
 I - a scroll of torment {unknown}
 K - a scroll of fog {unknown}
 R - a scroll of brand weapon {unknown}
Potions
 d - 5 potions of curing
 h - 5 potions of flight
 i - 2 potions of mutation
 k - 4 potions of cancellation
 o - 5 potions of brilliance
 t - a potion of magic
 x - 2 potions of lignification
 A - a potion of berserk rage {unknown}
 B - a potion of ambrosia {unknown}
 E - 2 potions of agility
 G - a potion of might {unknown}
 H - a potion of resistance
 L - 2 potions of degeneration {unknown}
Books
 X - a manual of Stealth
Miscellaneous
 N - a lightning rod (4/4)
Comestibles
 b - 25 rations


   Skills:
 * Level 10.4 Fighting
 * Level 7.3 Maces & Flails
 + Level 9.2 Dodging
 - Level 14.1 Unarmed Combat


You had 12 spell levels left.
You didn't know any spells.
Your spell library was empty.

Dungeon Overview and Level Annotations

Branches:
Dungeon (12/15)            Temple (0/1) D:4            Lair (0/6) D:10
    Orc (2/2) D:12
    Elf: Orc:2

Altars:
Cheibriados
Dithmenos
Fedhas
Gozag
Kikubaaqudgha
Nemelex Xobeh
Ru
Sif Muna
Uskayaw
Vehumet
Xom
Yredelemnul
Beogh

Shops:
D:7 ?   D:10 [   D:12 %

Annotations:
D:7 2 transporters, H0rd4k's ghost, novice DEWz


Innate Abilities, Weirdness & Mutations

You are too large for most types of armour.
You have claws for hands.
Your metabolism is lightning-fast.
You like to eat raw meat.
Your natural rate of healing is unusually fast.
You are covered in fur. (AC +1)
You have extremely tough skin. (AC +3)
You are partially covered in large bone plates. (SH +4)
You possess an exceptional clarity of mind.
Your magical capacity is low. (-10% MP)
You are resistant to electric shocks. (rElec)


Message History

The orc warrior completely misses you.
The orc warrior hits you with a +0 short sword!
* * * LOW HITPOINT WARNING * * *
The orc hits you but does no damage. x2
The orc wizard casts a spell at you.
The magic dart hits you but does no damage.
You bludgeon the orc!!
You kill the orc!
Trog accepts your kill. Something appears at your feet!
Trog grants you a weapon! The orc warrior misses you.
The orc warrior hits you with a +0 short sword!
* * * LOW HITPOINT WARNING * * *
The orc closely misses you.
The orc wizard hits you but does no damage.
The orc warrior hits you with a +0 short sword.
* * * LOW HITPOINT WARNING * * *
The orc warrior hits you with a +0 short sword.
You die...

#.............#........#.#....
##..#......#............###....
###...#.#.............##.###.....
#....................########..##
........##...........###.#.##.##
#.###.#........##..............#
...###.....................##.##
..##.....#......oo..........##.##
.........##.#...@o..............#
........####.#.o)....#.#.........
.........##.......#.#........>...
..........).......#.....#.#......
.#.......><............####.....#
............#.....#..### #.....##
.#.....^...#....###...# ##.####
#.#..................## ###
....................##


You could see 2 orc warriors, an orc wizard and an orc.

Vanquished Creatures
  Gastronok (D:8)
  Frances (D:12)
  A frost giant (IceCv)
  3 two-headed ogres
  2 death yaks (IceCv)
  An orc knight (D:12)
  A deep elf mage (D:12)
  An ugly thing (D:12)
  A cyclops (D:12)
  2 manticores
  An ice statue (IceCv)
  2 gargoyles (D:11)
  2 trolls
  14 polar bears (IceCv)
  2 slime creatures
  3 hornets
  A wraith (D:11)
  18 yaks
  A wyvern (D:9)
  2 steam dragons (D:12)
  A hungry ghost (D:11)
  Edmund (D:6)
  Menkaure (D:7)
  A warg (Orc:2)
  3 soldier ants
  2 water moccasins
  4 ice beasts
  3 porcupines (D:10)
  12 orc warriors
  4 sky beasts
  2 black bears
  6 ogres
  4 phantoms
  19 wolves (IceCv)
  4 centaurs
  A crocodile (D:10)
  5 big kobolds
  9 bullfrogs
  3 scorpions
  A water moccasin skeleton (D:4)
  24 killer bees
  5 wights (D:11)
  6 howler monkeys
  A bullfrog zombie (D:11)
  3 centaur zombies
  4 crimson imps
  3 hounds
  4 jellies
  5 bullfrog skeletons
  A gnoll shaman (D:7)
  5 orc priests
  Jessica (D:2)
  3 centaur skeletons
  7 iguanas
  5 orc wizards
  14 worker ants
  3 ogre zombies (Ossuary)
  A hound zombie (D:9)
  A hound skeleton (D:7)
  7 mummies (Ossuary)
  A worker ant zombie (D:3)
  Robin (D:2)
  2 howler monkey skeletons
  16 adders
  13 gnolls
  A shadow imp (D:6)
  12 white imps (D:11)
  2 oozes
  2 adder zombies
  An adder skeleton (D:4)
  3 worms
  4 dart slugs
  10 leopard geckos
  41 orcs
  9 giant cockroaches
  17 goblins
  19 hobgoblins
  5 jackals
  7 quokkas
  8 bats
  3 frilled lizards
  6 goblin zombies (Ossuary)
  5 hobgoblin zombies (Ossuary)
  26 kobolds
  4 kobold zombies (Ossuary)
  A leopard gecko skeleton (D:3)
  An orc zombie (Ossuary)
  6 quokka zombies
  13 rats
  4 rat zombies (Ossuary)
492 creatures vanquished.

Vanquished Creatures (collateral kills)
  A death knight (D:11)
  2 polar bears (IceCv)
  2 yaks (IceCv)
  A wolf (IceCv)
6 creatures vanquished.

Vanquished Creatures (others)
  A wolf (IceCv)
  A howler monkey (D:12)
  A fungus (D:10)
3 creatures vanquished.

Grand Total: 501 creatures vanquished

Notes
Turn   | Place    | Note
-------+----------+-------------------------------------------
     0 | D:1      | Emblim88 the Troll Berserker began the quest for the Orb.
     0 | D:1      | Reached XP level 1. HP: 22/22 MP: 0/0
   116 | D:1      | Reached XP level 2. HP: 29/29 MP: 1/1
   199 | D:1      | Reached XP level 3. HP: 28/36 MP: 2/2
   394 | D:1      | Reached ** piety under Trog
   795 | D:2      | Reached skill level 4 in Unarmed Combat
   845 | D:2      | Reached XP level 4. HP: 41/44 MP: 3/3
   853 | D:2      | Noticed Robin
   866 | D:2      | Killed Robin
   922 | D:2      | Noticed Jessica
   928 | D:2      | Killed Jessica
   980 | D:2      | Found a basalt altar of Yredelemnul.
  1348 | D:3      | Found a deep blue altar of Sif Muna.
  1410 | D:3      | Reached XP level 5. HP: 53/53 MP: 4/4
  1495 | D:3      | Found an opulent altar of Gozag.
  1608 | D:3      | Found a radiant altar of Vehumet.
  1812 | D:3      | Reached *** piety under Trog
  2156 | D:3      | Found a shimmering altar of Xom.
  2324 | D:4      | Reached skill level 5 in Unarmed Combat
  2348 | D:4      | Reached XP level 6. HP: 50/61 MP: 5/5
  2390 | D:4      | Found a shadowy altar of Dithmenos.
  2760 | D:4      | Found a staircase to the Ecumenical Temple.
  3080 | D:5      | Entered Level 5 of the Dungeon
  3174 | D:5      | Reached skill level 6 in Unarmed Combat
  3179 | D:5      | Reached XP level 7. HP: 57/68 MP: 6/6
  3522 | D:5      | Got a bloodstained dagger
  3648 | D:5      | Found a sparkling altar of Nemelex Xobeh.
  3655 | D:5      | Reached skill level 7 in Unarmed Combat
  3907 | D:5      | Reached XP level 8. HP: 49/79 MP: 7/7
  4251 | D:6      | Found a hide-covered altar of Uskayaw.
  4307 | D:6      | Found a snail-covered altar of Cheibriados.
  4356 | D:6      | Reached **** piety under Trog
  4415 | D:6      | Received a gift from Trog
  4480 | D:6      | Noticed Edmund
  4493 | D:6      | Killed Edmund
  4493 | D:6      | Reached skill level 5 in Fighting
  4493 | D:6      | Reached skill level 5 in Dodging
  4493 | D:6      | Reached skill level 8 in Unarmed Combat
  4774 | D:6      | Identified the +1 dagger of Brutal Revenge {drain, Fragile
                  | Int+5} (You found it on level 5 of the Dungeon)
  4785 | D:6      | Gained mutation: You possess an exceptional clarity of
                  | mind. [potion of mutation]
  4785 | D:6      | Gained mutation: Your magical capacity is low. (-10% MP)
                  | [potion of mutation]
  4785 | D:6      | Gained mutation: You are resistant to electric shocks.
                  | (rElec) [potion of mutation]
  4785 | D:6      | Gained mutation: You are partially covered in large bone
                  | plates. (SH +4) [potion of mutation]
  5081 | D:7      | Found a sacrificial altar of Ru.
  5102 | D:7      | Found a transporter.
  5102 | D:7      | Noticed H0rd4k's ghost (novice DEWz)
  5106 | D:7      | Found a transporter.
  5108 | D:7      | Noticed a hornet
  5154 | D:7      | Found Goapour's Magic Scroll Boutique.
  5219 | D:7      | Noticed Menkaure
  5225 | D:7      | Killed Menkaure
  5225 | D:7      | Reached XP level 9. HP: 63/88 MP: 7/7
  5230 | D:7      | Reached skill level 9 in Unarmed Combat
  5623 | D:8      | Noticed Gastronok
  5634 | D:8      | Killed Gastronok
  5634 | D:8      | Reached skill level 10 in Unarmed Combat
  5677 | D:8      | Reached XP level 10. HP: 20/100 MP: 8/8
  5836 | D:8      | Found a sand-covered staircase.
  5844 | Ossuary  | Entered an ossuary
  5954 | Ossuary  | Reached ***** piety under Trog
  6480 | D:8      | Reached skill level 11 in Unarmed Combat
  7014 | D:8      | Found an ancient bone altar of Kikubaaqudgha.
  7438 | D:9      | Paralysed by a hornet for 1 turns
  7693 | D:9      | Reached skill level 12 in Unarmed Combat
  7706 | D:9      | Received a gift from Trog
  7835 | D:9      | Found a blossoming altar of Fedhas.
  7936 | D:9      | Noticed a two-headed ogre
  7946 | D:9      | Killed a two-headed ogre
  7946 | D:9      | Reached XP level 11. HP: 110/110 MP: 8/8
  8079 | D:10     | Entered Level 10 of the Dungeon
  8243 | D:10     | Found Iwemecy's Antique Armour Shop.
  8261 | D:10     | Paralysed by a hornet for 3 turns
  8372 | D:10     | Received a gift from Trog
  8384 | D:10     | Got a smoking giant club {god gift}
  8386 | D:10     | Identified the +6 giant club "Ycishrue" {flame, Int+3}
                  | (Trog gifted it to you on level 10 of the Dungeon)
  8693 | D:10     | Reached skill level 1 in Maces & Flails
  8920 | D:10     | Found a staircase to the Lair.
  9149 | D:11     | Found a frozen archway.
  9229 | IceCv    | Entered an ice cave
  9307 | IceCv    | Received a gift from Trog
  9530 | IceCv    | Reached skill level 13 in Unarmed Combat
  9740 | IceCv    | Reached XP level 12. HP: 54/122 MP: 9/9
  9854 | IceCv    | Noticed a death yak
  9870 | IceCv    | Killed a death yak
  9926 | IceCv    | Noticed a death yak
  9926 | IceCv    | Noticed a frost giant
  9932 | IceCv    | Killed a death yak
  9940 | IceCv    | Killed a frost giant
  9940 | IceCv    | Reached skill level 5 in Maces & Flails
 10292 | D:11     | Found the +2 pair of boots of the Assassin {Detection Stab+
                  | Stlth++}
 10372 | D:11     | Received a gift from Trog
 10376 | D:11     | Got a smoking great mace {god gift}
 10378 | D:11     | Noticed a death knight
 10623 | D:11     | Identified the +13 great mace of the Secret Places
                  | {antimagic, rPois rF+ Str+2} (Trog gifted it to you on
                  | level 11 of the Dungeon)
 10862 | D:11     | Killed a death knight
 11277 | D:12     | Reached skill level 14 in Unarmed Combat
 11286 | D:12     | Noticed Frances
 11405 | D:12     | Noticed a two-headed ogre
 11414 | D:12     | Killed a two-headed ogre
 11448 | D:12     | Noticed a two-headed ogre
 11652 | D:12     | Reached skill level 10 in Fighting
 12010 | D:12     | Found Qudygu's Food Boutique.
 12047 | D:12     | Killed Frances
 12047 | D:12     | Reached XP level 13. HP: 65/133 MP: 3/10
 12258 | D:12     | Found a roughly hewn altar of Beogh.
 12258 | D:12     | Found a staircase to the Orcish Mines.
 12632 | Orc:1    | Entered Level 1 of the Orcish Mines
 13264 | Orc:2    | Entered Level 2 of the Orcish Mines
 13295 | Orc:1    | Received a gift from Trog
 13295 | Orc:1    | HP: 6/135 [orc warrior/+0 short sword (12)]
 13295 | Orc:1    | HP: 2/135 [orc warrior/+0 short sword (4)]
 13295 | Orc:1    | Slain by an orc warrior

Skill      XL: |  1  2  3  4  5  6  7  8  9 10 11 12 13 |
---------------+----------------------------------------+-----
Unarmed Combat | 4 5 6 7 8 10 12 13 14 | 14.1
Fighting       | 3 4 5 6 7 8 10 | 10.4
Dodging        | 3 4 5 6 7 8 9 |  9.2
Maces & Flails | 4 6 7 |  7.3

Action                   |  1- 3 |  4- 6 |  7- 9 | 10-12 | 13-15 || total
-------------------------+-------+-------+-------+-------+-------++-------
Melee: Unarmed           |   110 |   186 |   241 |   626 |       ||  1163
       Punch             |     2 |     3 |     9 |    35 |       ||    49
       Demon whip        |       |       |       |    37 |       ||    37
       Giant club        |       |       |       |    10 |       ||    10
       Great mace        |       |       |       |   121 |    93 ||   214
Throw: Large rock        |       |       |       |     4 |       ||     4
Invok: Berserk           |       |       |     2 |    14 |     1 ||    17
       Trog's Hand       |       |       |       |     4 |       ||     4
       Brothers in Arms  |       |       |       |     4 |       ||     4
Evoke: Wand              |       |       |       |     7 |       ||     7
       Lightning rod     |       |       |       |     1 |       ||     1
  Use: Scroll            |       |       |     9 |     7 |     1 ||    17
       Potion            |       |       |     6 |     8 |     1 ||    15
 Stab: Sleeping          |     2 |     1 |     1 |     2 |       ||     6
       Distracted        |       |       |       |     1 |       ||     1
  Eat: Chunk             |    13 |    20 |    16 |    64 |     2 ||   115
       Ration            |       |       |     1 |     3 |     3 ||     7
Armor: Animal skin       |    30 |    55 |    41 |   169 |       ||   295
       Troll leather arm |       |       |       |    38 |    21 ||    59
       Steam dragon scal |       |       |       |       |    32 ||    32
Dodge: Dodged            |    54 |   103 |    99 |   464 |   100 ||   820
Block: Other             |       |       |    16 |   146 |    34 ||   196
